Unix NetHack Version 5.0.0-0 post-release - last build May 17 2026 04:57:42 (dc50c8380fa5e20985bfe3072449f57b8d9895ef,branch:main).

Game began 2026-05-17 09:13:17, ended 2026-05-17 10:39:14.

GdeVolpiano, lawful female human Archeologist

 -------
 |......#
 |.....|
 |......##   ----------------
 --.---- #   |..............|
  ##     #   |..............|
  #      ##  |...............##
  #       ###...............| #
  #         #---------------- #
  #         #                 #
 -.----    ##                 ###
 |.....#####                    ####
 |....|                            r ------
 |....|                            r#r....|
 ----.-                              |?...|
     #                               |.....
                                     |...>|
                                     ------

GdeVolpiano the Field Worker  St:15 Dx:9 Co:15 In:14 Wi:13 Ch:9  Lawful
Dlvl:4  $:2690 HP:0(25) Pw:12(12) AC:10 Xp:3 T:1540 

Latest messages:
 This lichen corpse tastes okay.
 You finish eating the lichen corpse.
 You slip and nearly fall.
 You make a lot of noise!
 You hear someone counting gold coins.
 You trip over your own feet.
 You make a lot of noise!
 Ouch!  You bump into a door.
 Ouch!  You bump into a door.
 Ouch!  You bump into a door.
 Ouch!  You bump into a door.
 In what direction?
 Whammm!!
 In what direction?
 As you kick the door, it crashes open!
 You slip and nearly fall.
 You make a lot of noise!
 You find a hidden door.
 Ouch!  You bump into a door.
 Ouch!  You bump into a door.
 What do you want to use or apply? [ae-iw or ?*]
 In what direction do you want to dig? [kulnjb>]
 You start chopping at the door.
 You hit the door with all your might.
 Your swing misses its mark.
 In what direction?
 As you kick the door, it crashes open!
 The wererat hits!
 The wererat changes into a rat.
 The wererat snaps wildly and misses!
 The wererat changes into a human.
 You hit the wererat.
 The wererat hits!
 You hit the wererat.
 The wererat summons help!
 A sewer rat suddenly appears next to you!
 A giant rat suddenly appears next to you!
 The wererat hits!
 You kill the wererat!
 The giant rat bites!
 The sewer rat strikes at thin air!
 You miss the giant rat.
 The sewer rat bites!
 The giant rat bites!
 The sewer rat bites!
 You hit the giant rat.
 The sewer rat bites!
 The giant rat bites!
 You die...
 Do you want your possessions identified? [ynq] (y)

Inventory:
 Coins    ('$')
  $ - 2690 gold pieces
 Weapons  (')')
  a - a +2 bullwhip (alternate weapon; not wielded)
 Armor    ('[')
  c - an uncursed +0 fedora (being worn)
  l - a cursed -2 pair of fumble boots (being worn)
  b - an uncursed +0 leather jacket (being worn)
 Comestibles  ('%')
  d - 4 uncursed food rations
  j - 2 uncursed lembas wafers
  p - an uncursed lichen corpse
 Scrolls  ('?')
  t - an uncursed scroll of create monster
  z - an uncursed scroll of enchant weapon
  x - an uncursed scroll of identify
  k - an uncursed scroll of magic mapping
  m - an uncursed scroll of scare monster
 Potions  ('!')
  s - a cursed potion of fruit juice
  r - an uncursed potion of gain ability
  u - a blessed potion of healing
  n - 3 uncursed potions of healing
 Rings    ('=')
  o - an uncursed ring of regeneration
  y - an uncursed ring of warning
 Tools    ('(')
  h - an empty uncursed sack
  w - a drum of earthquake (0:3)
  i - an uncursed oil lamp
  e - a +0 pick-axe (weapon in right hand)
  f - a tinning kit (0:89)
 Gems/Stones  ('*')
  q - an uncursed amber stone
  g - an uncursed touchstone

GdeVolpiano the Archeologist's attributes:

Background:
 You were a Field Worker, a level 3 female human Archeologist.
 You were lawful, nominally on a mission for Quetzalcoatl
 who was opposed by Camaxtli (neutral) and Huhetotl (chaotic).
 You were right-handed.
 You were in the Dungeons of Doom, on level 4.
 You entered the dungeon 1540 turns ago.
 There was a new moon in effect when your adventure ended.
 You had 68 experience points, 12 more were needed to attain level 4.

Basics:
 You had 0 out of 25 hit points.
 You had all 12 energy points (spell power).
 Your armor class was 10.
 Your wallet contained 2690 zorkmids.
 Autopickup was on for '$?!/="+' plus thrown, with exceptions.

Final Characteristics:
 Your strength was 15 (limit:18/100).
 Your dexterity was 9 (limit:18).
 Your constitution was 15 (limit:18).
 Your intelligence was 14 (limit:18).
 Your wisdom was 13 (limit:18).
 Your charisma was 9 (limit:18).

Final Status:
 You fumbled.
 You weren't hungry.
 You were unencumbered.
 You were wielding a pick-axe.
 You had basic skill with pick-axe.

Final Attributes:
 You were devoutly aligned.
 You had automatic searching.
 You were invisible.
 You were lucky.
 You are dead.

Miscellaneous:
 You didn't encounter any bones levels.
 Total elapsed playing time was 9 minutes and 3 seconds.

Major events:
 Turn
    1: GdeVolpiano the lawful female human Archeologist entered the dungeon
 1173: attained the rank of Field Worker (level 3)
 1540: killed by a giant rat

You didn't know any spells.

Skills:
 Fighting Skills
   bare handed combat [Unskilled]
   two weapon combat  [Unskilled]
   riding             [Unskilled]
 Weapon Skills
   dagger             [Unskilled]
   knife              [Unskilled]
   pick-axe           [Basic]
   short sword        [Unskilled]
   saber              [Unskilled]
   club               [Unskilled]
   quarterstaff       [Unskilled]
   sling              [Unskilled]
   dart               [Unskilled]
   boomerang          [Unskilled]
   whip               [Basic]
   unicorn horn       [Unskilled]
 Spellcasting Skills
   attack spells      [Unskilled]
   healing spells     [Unskilled]
   divination spells  [Unskilled]
   matter spells      [Unskilled]

Voluntary challenges:
 Character rerolling was not enabled.
 You were an atheist.
 You never genocided any monsters.
 You never polymorphed an object.
 You never changed form.
 You used no wishes.
Achievements:
 You entered a shop.
 You attained the rank of Field Worker.

 The Dungeons of Doom: levels 1 to 4
    Level 1:
    Level 2:
    Level 3:
       A potion shop, a fountain.
    Level 4: <- You were here.
       Final resting place for
          you, killed by a giant rat.


Vanquished creatures:
  a shrieker
  a little dog
  a wererat
 an iguana
  6 giant rats
  8 jackals
  a fox
  a goblin
  2 grid bugs
  2 lichens
  3 newts
27 creatures vanquished.

No species were genocided or became extinct.

Game over:
                       ----------
                      /          \
                     /    REST    \
                    /      IN      \
                   /     PEACE      \
                  /                  \
                  |   GdeVolpiano    |
                  |     2690 Au      |
                  |   killed by a    |
                  |    giant rat     |
                  |                  |
                  |                  |
                  |       2026       |
                 *|     *  *  *      | *
        _________)/\\_//(\/(/\)/\//\/|_)_______

Goodbye GdeVolpiano the Archeologist...

You died in The Dungeons of Doom on dungeon level 4 with 2843 points,
and 2690 pieces of gold, after 1540 moves.
You were level 3 with a maximum of 25 hit points when you died.

